[Event "Finnish Senior Championship 2022"]
[Site "Helsinki"]
[Date "2022.04.15"]
[Round "1.1"]
[White "Patola, Eero"]
[Black "Binham, Timothy F."]
[Result "0-1"]
[ECO "A36"]
[WhiteElo "1809"]
[BlackElo "2275"]
[Annotator "TA"]
[PlyCount "80"]
[EventDate "2022.04.15"]
[EventType "swiss"]
[EventCountry "FIN"]
[SourceTitle "playchess.com"]
[Source "ChessBase"]
[SourceQuality "1"]
[TimeControl "40/5400+30:1800+30"]

1. e4 c5 2. c4 Nc6 3. Nc3 g6 4. g3 Bg7 5. Bg2 d6 6. d3 e6 7. Nge2 Nge7 8. O-O a6 9. Rb1 O-O 10. h3 Rb8 11. a4 Bd7 {[%emt 0:01:02] A36: Symmetrical English vs ...g6: 4 Bg2 Bg7.} 12. f4 Nd4 13. Be3 {[%emt 0:03:07] [#]} Qa5 $146 {[%emt 0:05:37] Black is slightly better.} ({Predecessor:} 13... b5 14. axb5 axb5 15. Nxb5 Nxb5 16. cxb5 Rxb5 17. Nc3 Rb4 18. Qc2 Qb8 19. Rf2 Nc6 {1-0 (35) Grund,E (1675)-Flach,E (1954) Playchess.com INT 2021}) 14. Bf2 Nxe2+ 15. Qxe2 Nc6 ({Of course not} 15... Bxc3 16. bxc3 Rfc8 17. Qd2 $14) 16. Qd1 Nd4 17. Kh2 b5 18. axb5 axb5 19. Be1 bxc4 20. dxc4 Qa6 {[%emt 0:01:36] Prevents Nb5. 0x0.00018dd8005ddp-1022s more active pieces. The white rooks are badly placed.} 21. b3 Bc6 22. Rf2 Rb6 23. Ra2 (23. Rfb2 $142) 23... Qb7 $17 24. Ra3 Rb8 25. Nb5 $2 {[%emt 0:04:28][%mdl 8192] [#]} (25. Qd3 $17) 25... Nxb5 $19 26. cxb5 Bxe4 27. Bxe4 Qxe4 28. Ra6 d5 {[%emt 0:01:18] Black is clearly winning.} 29. Rxb6 Rxb6 30. Bf2 Rxb5 {[%emt 0:01:16] [#] ...c4 is the strong threat.} 31. Rc1 Bd4 32. Bxd4 Qxd4 33. Qxd4 cxd4 {[%emt 0:00:02][%mdl 4096] Endgame KR-KR} 34. Rb1 Rb4 35. Kg2 Kf8 36. Kf2 Ke7 37. Ke2 Kd6 {[%emt 0:00:16] Strongly threatening ...f6.} 38. Kd3 (38. g4 $142) 38... f6 39. Kc2 e5 40. fxe5+ fxe5 {[%emt 0:00:04] White got outplayed after the opening.  Weighted Error Value: White=0.55/Black=0.22 (precise)} 0-1

[Event "Finnish Senior Championship 2022"]
[Site "Helsinki"]
[Date "2022.04.15"]
[Round "1.2"]
[White "Kivipelto, Kaj"]
[Black "Koskinen, Hannu E."]
[Result "1/2-1/2"]
[ECO "A05"]
[WhiteElo "2129"]
[BlackElo "1746"]
[Annotator "TA"]
[PlyCount "48"]
[EventDate "2022.04.15"]
[EventType "swiss"]
[EventCountry "FIN"]
[SourceTitle "playchess.com"]
[Source "ChessBase"]
[SourceQuality "1"]
[TimeControl "40/5400+30:1800+30"]

1. Nf3 Nf6 2. g3 g6 3. b4 Bg7 4. Bb2 O-O 5. Bg2 d6 6. O-O Nbd7 7. c4 c5 {[%emt 0:09:24] A05: Réti Opening: 1 Nf3 Nf6.} 8. bxc5 Nxc5 9. d3 Rb8 {[%emt 0:02:27] [#] The position is equal.} 10. Qc2 $146 ({Predecessor:} 10. Nc3 b6 11. Qc2 Bb7 12. a4 a6 13. Ra3 d5 14. cxd5 Nxd5 15. Nxd5 Bxd5 16. Bxg7 Kxg7 {½-½ (41) Wickramasinghe,D (1673)-Kanakarathne,S (1409) Narahenpita 2017}) 10... Bd7 11. Nc3 a6 12. Nd4 (12. a4 $11) 12... e5 (12... b5 $15 {was preferrable.}) 13. Nb3 $11 Nxb3 14. axb3 Qc7 15. Rfb1 Bc6 16. e4 Rfc8 17. Qd2 Qd7 18. Nd1 Qe7 19. Ba3 Bf8 20. Bc1 Bg7 21. Ne3 Qd8 22. Qe2 Qe7 23. Nc2 Re8 24. Nb4 Bd7 {[%emt 0:00:16] Weighted Error Value: White=0.13 (very precise) /Black=0.16 (very precise)} 1/2-1/2

[Event "Finnish Senior Championship 2022"]
[Site "Helsinki"]
[Date "2022.04.15"]
[Round "1.5"]
[White "Hietala, Pekka"]
[Black "Raitanen, Markku"]
[Result "1-0"]
[ECO "B38"]
[WhiteElo "1925"]
[BlackElo "1813"]
[Annotator "NA RC"]
[PlyCount "64"]
[EventDate "2022.04.15"]
[EventType "swiss"]
[EventCountry "FIN"]
[SourceTitle "playchess.com"]
[Source "ChessBase"]
[SourceQuality "1"]
[TimeControl "40/5400+30:1800+30"]

1. c4 c5 2. Nf3 Nc6 3. d4 cxd4 4. Nxd4 Nf6 5. Nc3 g6 6. e4 d6 7. Be2 Bg7 8. Be3 O-O 9. O-O a6 10. Qd2 Nxd4 11. Bxd4 Be6 12. Rfc1 Rc8 13. b3 Nd7 14. Bxg7 Kxg7 15. h3 Qa5 16. Rab1 f5 17. b4 Qb6 18. Nd5 Qd8 19. Qd4+ Kg8 20. Nf4 Bf7 21. exf5 gxf5 22. Qd3 Ne5 23. Qd4 Nc6 24. Qd2 e5 25. Nd5 Nd4 26. Bd1 Bg6 27. Qh6 Qe8 28. Rb2 Qf7 29. Qg5 Kg7 30. Nb6 Rce8 31. c5 d5 32. Bb3 Ne2+ 1-0

[Event "Finnish Senior Championship 2022"]
[Site "Helsinki"]
[Date "2022.04.17"]
[Round "3.1"]
[White "Aakio, Seppo"]
[Black "Binham, Timothy F."]
[Result "1/2-1/2"]
[ECO "C47"]
[WhiteElo "2051"]
[BlackElo "2275"]
[Annotator "TA"]
[PlyCount "45"]
[EventDate "2022.04.15"]
[EventType "swiss"]
[EventCountry "FIN"]
[SourceTitle "playchess.com"]
[Source "ChessBase"]
[SourceQuality "1"]
[TimeControl "40/5400+30:1800+30"]

1. e4 e5 2. Nf3 Nc6 3. d4 exd4 4. Nxd4 Nf6 5. Nc3 Bb4 6. Nxc6 bxc6 7. Bd3 d5 8. exd5 O-O {[%emt 0:01:10] seems to push 8...cxd5 aside.} 9. O-O cxd5 10. h3 {[%emt 0:00:49] Against Bg4. C47: Scotch Four Knights and Four Knights with 4 g3.} c5 11. Qf3 Be6 12. Rd1 {[%emt 0:02:58] The position is equal.} Qe7 13. Bg5 {[%emt 0:11:53] [#]} Rfd8 $146 ({Predecessor:} 13... c4 14. Bf1 Bxc3 15. bxc3 h6 16. Bh4 g5 17. Bg3 Ne4 18. Rab1 f5 19. Be5 Bf7 {½-½ (58) Hovhannisyan,R (2643)-Ortega Ruiz,J (2331) Terme Catez 2022}) 14. Bf1 h6 15. Bh4 Rac8 16. Bxf6 Qxf6 17. Qxf6 gxf6 18. Ne2 Ba5 19. Nf4 Rb8 20. Rab1 Bc7 21. Nxe6 fxe6 22. c4 d4 23. Bd3 {[%emt 0:24:57] Weighted Error Value: White=0.07 (flawless) /Black=0.03 (flawless)} 1/2-1/2

[Event "Finnish Senior Championship 2022"]
[Site "Helsinki"]
[Date "2022.04.17"]
[Round "3.2"]
[White "Hietala, Pekka"]
[Black "Lyly, Seppo"]
[Result "1-0"]
[ECO "A10"]
[WhiteElo "1925"]
[BlackElo "1908"]
[Annotator "TA"]
[PlyCount "57"]
[EventDate "2022.04.15"]
[EventType "swiss"]
[EventCountry "FIN"]
[SourceTitle "playchess.com"]
[Source "ChessBase"]
[SourceQuality "1"]
[TimeControl "40/5400+30:1800+30"]

1. c4 f5 2. Nf3 Nf6 3. b3 g6 4. Bb2 Bg7 5. d3 O-O 6. Nbd2 {[%emt 0:00:49] A10: English Opening: Unusual Replies for Black.} d6 7. e4 {[%emt 0:03:44] [#]} e5 $146 ({Predecessor:} 7... Nc6 8. g3 e5 9. Bg2 h6 10. Nh4 Kh7 11. O-O Nd4 12. Bxd4 exd4 13. exf5 gxf5 {0-1 (34) Sadovsky,A (2421)-Hansen,S (2269) Chess.com INT 2020}) 8. g3 {[%emt 0:04:35] Black is slightly better.} a5 9. a3 Nc6 10. Bg2 Qe7 11. O-O Bd7 (11... f4 $15) 12. Re1 (12. exf5 $11 gxf5 13. Re1) 12... h6 (12... f4 $17) 13. d4 fxe4 14. Nxe4 Nxe4 15. Rxe4 Bf5 16. Re3 Bg4 (16... e4 $11 17. Nd2 Nxd4) 17. d5 Nd8 (17... Nb8) 18. h3 Bxf3 19. Bxf3 Nf7 20. Bg4 (20. Bg2) ({Better is} 20. h4 $16) 20... Kh7 $2 {[%emt 0:05:32] [#]} (20... Ng5 $11) 21. h4 {[%emt 0:01:00] White is more active.} (21. Qc2 $16) 21... Rae8 (21... h5 $1 $14 22. Bh3 Nh6) 22. Qc2 (22. Bf3 $18) 22... Nd8 {[%emt 0:08:03] A mistake that costs the game.} (22... e4 $16 {was necessary.}) 23. Rae1 $18 Qf7 24. h5 Qf6 25. Rf3 Qg5 26. hxg6+ Kh8 $2 {[%emt 0:01:26] [#]} (26... Qxg6 27. Bf5 Rxf5 28. Qxf5 (28. Rxf5 $2 {too greedy.} Rf8 $19) 28... Qxf5 29. Rxf5 Kg6) 27. Bf5 {[%emt 0:05:31] White is clearly winning.} Rf6 (27... e4 $142) 28. Bc1 {[%emt 0:02:30] This bishop pair is nice.} Qh5 29. g4 {[%emt 0:00:52] Weighted Error Value: White=0.33/Black=0.67} 1-0

[Event "Finnish Senior Championship 2022"]
[Site "Helsinki"]
[Date "2022.04.18"]
[Round "4.1"]
[White "Binham, Timothy F."]
[Black "Terasalo, Kari"]
[Result "1-0"]
[ECO "B50"]
[WhiteElo "2275"]
[BlackElo "1775"]
[Annotator "TA"]
[PlyCount "75"]
[EventDate "2022.04.15"]
[EventType "swiss"]
[EventCountry "FIN"]
[SourceTitle "playchess.com"]
[Source "ChessBase"]
[SourceQuality "1"]
[TimeControl "40/5400+30:1800+30"]

1. e4 c5 2. Nf3 d6 3. c3 Nf6 4. Be2 g6 5. O-O Bg7 6. Re1 {[%emt 0:00:06] B50: Sicilian: 2...d6, Miscellaneous.} Nbd7 (6... O-O $11) 7. Bf1 $14 O-O 8. d4 {[%emt 0:00:20][%cal Bd2d4,Bd4e5][%mdl 32] Prevents Ne5. White is slightly better.} b6 9. e5 {[%emt 0:11:06] [#]} dxe5 $146 ({Predecessor:} 9... Ne8 10. Bg5 d5 11. c4 h6 12. Bh4 Bb7 13. cxd5 g5 14. Bg3 Bxd5 15. Nc3 Bxf3 16. Qxf3 cxd4 {1-0 (45) Looshnikov,N (2409)-Timagin,P (2283) Orsk 2001}) 10. dxe5 Ne8 ({Black should try} 10... Ng4 $14) 11. Bf4 {[%emt 0:13:09] 0x0.00138d2c057ddp-1022s more active pieces.} (11. e6 $16 fxe6 12. Ng5) 11... e6 (11... Nc7 $1 $14) 12. Nbd2 Bb7 13. a4 h6 14. Nc4 Bd5 15. Qd3 Qc7 (15... a6 $142) 16. Qe3 $16 Kh7 17. h4 Rh8 18. Bd3 Qb7 19. h5 {[%emt 0:01:39] Ncd2 is the strong threat.} Nf8 20. Nfd2 Qe7 21. Qg3 Rd8 22. Nf3 Rg8 (22... Bxc4 $142 23. Bxc4 Nc7) 23. hxg6+ $18 fxg6 24. Bg5 hxg5 (24... Qc7 $142 25. Bxd8 Qxd8) 25. Nxg5+ Kh8 26. Qh2+ Bh6 27. Qxh6+ Nh7 28. f4 Qg7 29. Qh3 Rf8 30. Rf1 ({Not} 30. Nxe6 Bxe6 31. Qxe6 Rxd3 $15) 30... Qe7 {[%emt 0:03:25] [#]} (30... Nc7 $142 31. Nd6 Kg8) 31. Bxg6 $1 Bxc4 (31... Rd7 32. Nxh7) 32. Nxh7 {[%emt 0:00:38] Intending Nf6+ and mate.} Kg7 {[%emt 0:00:37] Prevents Nf6.} 33. Nxf8 {[%emt 0:00:21] White mates.} Kg8 {[%emt 0:01:01] [#]} 34. Rf3 $1 Qg7 (34... Nf6 35. exf6) 35. Nxe6 Bxe6 36. Qxe6+ Kf8 37. Rd3 Rxd3 38. Qxe8# {[%emt 0:00:02] Weighted Error Value: White=0.12 (very precise) /Black=0.50} 1-0

[Event "Finnish Senior Championship 2022"]
[Site "Helsinki"]
[Date "2022.04.18"]
[Round "4.2"]
[White "Hietala, Pekka"]
[Black "Aakio, Seppo"]
[Result "1/2-1/2"]
[ECO "A55"]
[WhiteElo "1925"]
[BlackElo "2051"]
[Annotator "TA"]
[PlyCount "131"]
[EventDate "2022.04.15"]
[EventType "swiss"]
[EventCountry "FIN"]
[SourceTitle "playchess.com"]
[Source "ChessBase"]
[SourceQuality "1"]
[TimeControl "40/5400+30:1800+30"]

1. c4 d6 2. Nc3 e5 3. Nf3 c6 4. d4 Nd7 5. e4 Ngf6 6. Be2 Be7 7. O-O O-O 8. Qc2 Qc7 9. h3 Re8 10. Be3 Bf8 {[%emt 0:01:57] A55: Old Indian Defence with Nf3 and e4.} 11. b4 {[%emt 0:09:30] [#]} (11. d5 $16) 11... b6 $146 (11... d5 $11) ({Predecessor:} 11... exd4 12. Nxd4 a6 13. Nb3 d5 14. exd5 Bxb4 15. dxc6 bxc6 16. Na4 Ne4 17. Bd3 Ndf6 18. c5 {0-1 (44) Angelov,Z (2126)-Georgiev,S (2142) Sunny Beach 2008}) 12. a4 {[%emt 0:08:02] &Bianco is more active.} a5 {[%emt 0:05:36] White is slightly better.} 13. bxa5 bxa5 14. Rab1 exd4 15. Nxd4 Nc5 16. f3 Bd7 17. Bf4 Rab8 18. g4 Rb4 19. Rfd1 Reb8 20. Bh2 g6 21. f4 (21. Bg3 $17) 21... Qa7 22. Kg2 Rxb1 $1 23. Rxb1 Rxb1 24. Qxb1 {[%emt 0:00:33] [#]} Nxa4 $1 25. Nxa4 {[%emt 0:02:28] Hoping for Bg1.} Qxd4 26. Kf3 $2 (26. Nb6 Be8 27. Bg1 Qxe4+ 28. Qxe4 Nxe4 29. Bd3) 26... d5 (26... h5 $142 27. gxh5 d5) 27. e5 $19 Ne4 ({Don't go for} 27... dxc4 $2 28. exf6 c5 29. Bg1 Qxf6 30. Qc2 $19) 28. Bg1 {[%emt 0:00:53] Inhibits Qf2+.} Nd2+ 29. Kg3 Qxc4 30. Bxc4 Nxb1 31. Bd3 Na3 32. Bb6 (32. Kf3 $142) 32... Bb4 33. Nc5 Bc8 34. Nb3 a4 35. Nc5 Bxc5 36. Bxc5 $17 {[%emt 0:00:09][%mdl 4096] Endgame KBB-KBN} Nb5 37. f5 $2 (37. Bxb5 $17 cxb5 38. h4) 37... a3 38. Bxb5 a2 ({Weaker is} 38... cxb5 39. Bxa3 gxf5 40. Kh4 $15) ({Don't take} 38... gxf5 39. Bxc6 a2 40. Bd4 $18) 39. Bd4 cxb5 $19 {[%emt 0:00:04] KB-KB} 40. Kf4 h6 41. h4 (41. e6 $17 Kf8 42. exf7 Kxf7 43. Ke5) 41... gxf5 42. gxf5 Kf8 43. e6 $2 (43. Kg4) 43... fxe6 44. f6 b4 (44... Bd7 $142 45. Ke5 Kf7) 45. Be5 $2 (45. Ke5 {was the only defense.}) 45... Ba6 46. Bd4 Be2 47. Ke5 Kf7 48. Bb2 Bc4 49. Bd4 Bd3 50. Bb2 Bf5 51. Bd4 b3 (51... Bh7 $142 {And now ...Bg8 would win.} 52. Kd6 Bg8) 52. Bb2 Bh7 {[%emt 0:00:12] White must now prevent ...Bg8.} 53. Bd4 $2 {[%emt 0:00:00] [#]} (53. Ba1 {was worth a try.}) 53... Bg8 $1 54. Bb2 Kg6 {[%emt 0:01:35] Threatens to win with ...Kh5.} 55. Kf4 Bf7 56. Be5 Kh5 57. Kg3 Bg6 58. Bb2 Be8 59. Bc3 Bf7 (59... e5 $142 60. Bxe5 Kg6) 60. Be5 $1 Kg6 $2 (60... Bg8 61. Bd4 Kg6) 61. Kf4 Kh7 62. Bb2 {[%emt 0:00:00] [#]} Kg8 $1 63. Ke5 Kf8 64. Kd6 Ke8 65. Bd4 Bg8 66. Bb2 {[%emt 0:00:00] Weighted Error Value: White=0.32/Black=0.34} 1/2-1/2

[Event "Finnish Senior Championship 2022"]
[Site "Helsinki"]
[Date "2022.04.18"]
[Round "4.3"]
[White "Lyly, Seppo"]
[Black "Koskinen, Hannu E."]
[Result "1-0"]
[ECO "B09"]
[WhiteElo "1908"]
[BlackElo "1746"]
[Annotator "TA"]
[PlyCount "41"]
[EventDate "2022.04.15"]
[EventType "swiss"]
[EventCountry "FIN"]
[SourceTitle "playchess.com"]
[Source "ChessBase"]
[SourceQuality "1"]
[TimeControl "40/5400+30:1800+30"]

1. e4 d6 2. d4 Nf6 3. Nc3 g6 4. f4 Bg7 5. Nf3 O-O 6. Be2 c5 7. dxc5 Qa5 8. O-O Qxc5+ 9. Kh1 Nc6 10. Bd3 Bg4 11. Qe1 Nb4 12. Be3 Nxd3 {[%emt 0:09:51] B09: Pirc Defence: Austrian Attack.} 13. cxd3 Qa5 14. Rc1 {[%emt 0:15:07] [#]} Bxf3 $146 {[%emt 0:05:48] The position is equal.} ({Predecessor:} 14... Rfc8 15. h3 Bxf3 16. Rxf3 Rc6 17. f5 Nd7 18. d4 Nb6 19. Qh4 Bf6 20. Bg5 Bxd4 21. Bxe7 Nd7 22. Rcf1 Ne5 23. Qh6 f6 24. Bxf6 Rc7 25. Bxe5 Qxe5 26. fxg6 {1-0 (26) Neurohr,S (2320)-Spacek,P (2390) Germany 1993}) 15. Rxf3 Nd7 (15... b5 $11) 16. Rh3 $14 Nf6 17. Qh4 {[%emt 0:01:43][%cal Oc3d5] Hoping for Nd5!} h5 18. f5 Ng4 {[%emt 0:06:45] [#]} ({Black should play} 18... e6 $14) 19. Nd5 $1 $16 ({Reject} 19. Qxe7 $6 Nxe3 20. Rxe3 Bh6 $11) 19... e6 (19... Bf6 $16 20. Nxf6+ (20. Nxe7+ Kg7 $11) 20... exf6) 20. Ne7+ Kh7 21. Qxg4 {[%emt 0:00:12] Weighted Error Value: White=0.02 (flawless) /Black=0.71} 1-0

[Event "Finnish Senior Championship 2022"]
[Site "Helsinki"]
[Date "2022.04.18"]
[Round "4.4"]
[White "Lehtela, Antti"]
[Black "Smeds, Tom"]
[Result "1/2-1/2"]
[ECO "A56"]
[WhiteElo "1632"]
[BlackElo "1863"]
[Annotator "NA RC"]
[PlyCount "82"]
[EventDate "2022.04.15"]
[EventType "swiss"]
[EventCountry "FIN"]
[SourceTitle "playchess.com"]
[Source "ChessBase"]
[SourceQuality "1"]
[TimeControl "40/5400+30:1800+30"]

1. d4 Nf6 2. c4 c5 3. d5 e5 4. Nc3 d6 5. e4 Be7 6. Nf3 Nbd7 7. Be2 Nf8 8. Be3 Ng6 9. Qd2 Ng4 10. g3 Nxe3 11. Qxe3 O-O 12. h4 f5 13. exf5 Bxf5 14. Ne4 h6 15. Nfd2 Nh8 16. O-O-O Qa5 17. Kb1 a6 18. Ka1 b5 19. g4 Bxe4 20. Nxe4 Ng6 21. g5 hxg5 $2 (21... h5) 22. hxg5 Nf4 23. Bg4 Kf7 24. g6+ Ke8 {[%emt 0:07:09] [#]} 25. Nxc5 $1 Bg5 26. Qe4 bxc4 27. Nd7 Nd3 28. Rxd3 cxd3 29. Nxf8 Bf6 30. Qxd3 Rb8 31. Qe4 Qb6 32. b3 Kxf8 33. Rh8+ Ke7 34. Rxb8 Qxb8 35. Qf5 Qc7 36. Qe6+ Kf8 37. Qc8+ Qxc8 38. Bxc8 a5 39. Kb1 e4 40. Bf5 Bd4 41. Bxe4 Bxf2 1/2-1/2

[Event "Finnish Senior Championship 2022"]
[Site "Helsinki"]
[Date "2022.04.18"]
[Round "4.5"]
[White "Raitanen, Markku"]
[Black "Kivipelto, Kaj"]
[Result "0-1"]
[ECO "B07"]
[WhiteElo "1813"]
[BlackElo "2129"]
[Annotator "TA"]
[PlyCount "100"]
[EventDate "2022.04.15"]
[EventType "swiss"]
[EventCountry "FIN"]
[SourceTitle "playchess.com"]
[Source "ChessBase"]
[SourceQuality "1"]
[TimeControl "40/5400+30:1800+30"]

1. e4 c5 2. c3 d6 3. d4 Nf6 4. f3 Nc6 5. Be3 cxd4 6. cxd4 {[%emt 0:00:42] B07: Pirc Defence: Miscellaneous Systems.} d5 7. e5 Nd7 8. Nc3 {[%emt 0:00:55] The position is equal.} e6 {[%emt 0:02:43][%cal Od7e5] [#]} (8... Ndxe5 $5 9. dxe5 d4 $14) 9. Rc1 $146 {[%emt 0:01:07] [#]} ({Better is} 9. f4 $14) ({Predecessor:} 9. f4 Be7 10. Nf3 a6 11. Rc1 O-O 12. Bd3 Nb6 13. b3 Ba3 14. Bxh7+ Kxh7 15. Ng5+ {1-0 (66) Swijsen,L (1960)-Real,T (1974) Houffalize 2011}) 9... Ndxe5 $1 $11 10. dxe5 d4 11. Bxd4 Qxd4 (11... Nxd4 $15 12. Qd2 Qb6) 12. Qxd4 Nxd4 13. Bb5+ Nxb5 14. Nxb5 {[%emt 0:02:37] And now Nc7+ would win.} Bb4+ 15. Kf2 O-O 16. Ne2 Bd7 17. Ned4 Ba5 18. Rhd1 Bb6 19. Ke2 (19. Nd6 $11 {was preferrable.}) 19... f6 $15 20. Nc7 Rac8 $36 {[%emt 0:06:52][%mdl 2048] Black is on the roll.} 21. Ncxe6 (21. Ndxe6 $17 Rf7 22. b3 (22. exf6 $2 gxf6 23. Nd5 Re8 $19)) 21... Rxc1 22. Rxc1 Re8 23. Nc7 Rc8 ({Worse is} 23... Bxd4 24. Nxe8 Bxe8 25. Rc8 $17) 24. e6 Be8 25. Nxe8 Rxc1 $19 {[%emt 0:00:11][%mdl 4096] Endgame KRB-KNN} 26. Nf5 {[%emt 0:00:49] Black must now prevent e7.} Bc5 (26... Bd8 $1 $19 {...Rc2+ is the strong threat.} 27. Kd3 (27. e7 Bxe7 28. Nxe7+ Kf7 $19) 27... g6) 27. Nexg7 $11 Kf8 28. Nh5 Be7 29. Nf4 Rc2+ 30. Kd3 Rxb2 31. Nd5 Bd8 32. g4 Rxh2 33. Kc4 $2 ({White should try} 33. a4 $15) 33... Rc2+ ({And not} 33... Rxa2 34. e7+ Bxe7 35. Nfxe7 $17) (33... Re2 $1 $19 {is more deadly.} 34. e7+ Bxe7) 34. Kd3 $17 Rxa2 (34... Rf2 $142 35. f4 Rxa2 36. e7+ Bxe7 $1 37. Nfxe7 Ra3+ 38. Kd4 Rg3) 35. e7+ {[%emt 0:01:18] [#]} Bxe7 $1 36. Ndxe7 (36. Nfxe7 a5) 36... Ra3+ 37. Ke4 {[%emt 0:00:55] [#]} Kf7 (37... a5 $1 $17 {Strongly threatening ...Ra2.} 38. Nd5 Kf7) 38. Nd5 Ra4+ 39. Kd3 Ke6 40. Nc3 Rb4 41. Ne4 (41. Nd4+ $15 Kf7 42. Nd5) 41... Ke5 42. Kc3 Rb6 43. Kc4 (43. Nd4 $17 {was necessary.}) 43... h5 $19 {[%emt 0:00:00] Hoping for ...hxg4.} 44. Ne3 (44. Nc3 {was called for.}) 44... hxg4 $2 (44... h4 $19 45. g5 fxg5) 45. Nxg4+ $15 Kf4 {[%emt 0:00:00] aiming for ...f5.} 46. Ngxf6 Kxf3 47. Kc5 Rc6+ 48. Kb5 $2 (48. Kd5 $11) 48... Ke3 {[%emt 0:00:00] Black mates.} 49. Kb4 Kd4 50. Kb3 Re6 {[%emt 0:00:00] Weighted Error Value: White=0.53/Black=0.34} 0-1

[Event "Finnish Senior Championship 2022"]
[Site "Helsinki"]
[Date "2022.04.19"]
[Round "5.1"]
[White "Kivipelto, Kaj"]
[Black "Binham, Timothy F."]
[Result "0-1"]
[ECO "A07"]
[WhiteElo "2129"]
[BlackElo "2275"]
[Annotator "TA"]
[PlyCount "46"]
[EventDate "2022.04.15"]
[EventType "swiss"]
[EventCountry "FIN"]
[SourceTitle "playchess.com"]
[Source "ChessBase"]
[SourceQuality "1"]
[TimeControl "40/5400+30:1800+30"]

1. Nf3 d5 2. g3 Nf6 3. Bg2 Bf5 4. O-O e6 5. d3 Be7 6. Nc3 {[%emt 0:01:17][%cal Oe2e4] A07: Réti Opening: New York and Capablanca Systems.} h6 7. e3 O-O 8. Qe2 {[%emt 0:00:12] [#] The position is equal.} c5 $146 ({Predecessor:} 8... Bh7 9. e4 Bb4 10. e5 Nfd7 11. h4 Be7 12. Nd1 c5 13. Ne3 Nc6 14. Ng4 Kh8 {1-0 (31) Biebinger,G-Mandl,R Kirchheim 1982}) 9. Nh4 (9. Ne5 $11) 9... Bh7 $15 10. f4 Nc6 11. Nd1 Rc8 12. Nf2 c4 13. Bd2 Qb6 14. dxc4 (14. Rfb1 $15) 14... Qxb2 $17 ({Inferior is} 14... Bxc2 15. Bc3 Bh7 16. cxd5 Nxd5 17. Bxd5 exd5 18. Rad1 $15) 15. cxd5 exd5 (15... Nxd5 $17 {And now ...Ncb4 would win.} 16. Rfb1 Qxc2 17. Rxb7 Rb8 18. Rxb8 Rxb8) 16. c3 {[%emt 0:03:38] Inhibits Nb4.} (16. a4 $15) 16... Rfe8 {[%emt 0:03:27] &Nero is more active.} 17. Nd3 {[%emt 0:02:09] Prevents Bc5.} (17. Bh3 $17) 17... Qc2 18. f5 Ne4 19. Bxe4 dxe4 20. Ne1 (20. Nb4 $142 Nxb4 21. cxb4) 20... Qb2 $19 21. Neg2 (21. Rc1 {keeps fighting.}) 21... Red8 22. Rad1 Bf6 23. Qe1 Qxa2 {[%emt 0:03:54] Weighted Error Value: White=0.43/Black=0.12 (very precise)} 0-1

[Event "Finnish Senior Championship 2022"]
[Site "Helsinki"]
[Date "2022.04.19"]
[Round "5.2"]
[White "Aakio, Seppo"]
[Black "Lyly, Seppo"]
[Result "1-0"]
[ECO "C44"]
[WhiteElo "2051"]
[BlackElo "1908"]
[Annotator "TA"]
[PlyCount "53"]
[EventDate "2022.04.15"]
[EventType "swiss"]
[EventCountry "FIN"]
[SourceTitle "playchess.com"]
[Source "ChessBase"]
[SourceQuality "1"]
[TimeControl "40/5400+30:1800+30"]

1. e4 e5 2. Nf3 Nc6 3. d4 exd4 4. c3 Nf6 5. e5 Ne4 6. Qe2 Nc5 7. cxd4 Ne6 {[%emt 0:00:08] [#] C44: Ponziani Opening and Scotch Gambit.} 8. d5 Ncd4 9. Nxd4 Nxd4 {[%emt 0:00:09] White is clearly better.} 10. Qe4 c5 (10... Bb4+ $16 11. Nc3 c5) 11. Nc3 $18 Rb8 {[%emt 0:09:15] [#]} 12. Be3 $146 ({Predecessor:} 12. Bf4 Qe7 13. Bd3 b5 14. O-O b4 15. d6 Qd8 16. Nd5 Ne6 17. Nc7+ Nxc7 18. dxc7 Qxc7 {1-0 (37) Uwira,O (2115)-Spillecke,T Neumuenster 1999}) 12... Qb6 13. O-O-O {[%emt 0:00:44] Hoping for d6.} g6 $2 (13... Qg6 {is tougher.} 14. Bxd4 Qxe4 15. Nxe4 cxd4 16. Rxd4 b6) 14. e6 {[%emt 0:05:40] Qe5 is the strong threat.} ({Not} 14. Bxd4 cxd4 15. Rxd4 Bg7 $18) 14... Bg7 {[%emt 0:02:57][%cal Rd7e6] Against Qe5} 15. Qf4 dxe6 {[%emt 0:08:56] Threatens to win with ...e5.} 16. Qxb8 O-O 17. d6 Qb4 (17... Bd7 {was worth a try.} 18. Qc7 Qxc7 19. dxc7 Rc8) 18. Bd2 {[%emt 0:04:27] White is clearly winning.} Bd7 19. Qxa7 Bb5 20. Qa3 Bxf1 21. Rhxf1 {[%emt 0:00:40] aiming for Qxb4.} ({Weaker is} 21. Rdxf1 Qc4 22. Re1 Qd3 $18) 21... Qc4 22. Be3 b5 23. Kb1 b4 24. Qa4 Rd8 25. Bxd4 cxd4 {[%emt 0:00:24] [#]} 26. Qb5 $1 Qc8 (26... Qxb5 27. Nxb5) 27. Ne4 {[%emt 0:00:12] Weighted Error Value: White=0.23 (precise) /Black=0.71} 1-0